 Dungeon Crawl Stone Soup version 0.16-a0-3501-g08befd0 (webtiles) character file.

55 Pikaro the Sneak (level 3, -3/16 HPs)
             Began as a Spriggan Enchanter on Jan 6, 2015.
             Slain by a worm (11 damage)
             ... on level 3 of the Dungeon.
             The game lasted 00:06:45 (2364 turns).

Pikaro the Sneak (Spriggan Enchanter)               Turns: 2364, Time: 00:06:45

Health: -3/16      AC:  3    Str:  4    XL:     3   Next: 67%
Magic:  9/9        EV: 18    Int: 17    God:
Gold:   116        SH:  0    Dex: 16    Spells: 1 memorised, 6 levels left

rFire  . . .     SeeInvis +     a - +1 dagger
rCold  . . .     Clarity  .     b - +1 robe
rNeg   . . .     SustAb   .     (shield restricted)
rPois  .         Gourm    .     (helmet restricted)
rElec  .         Spirit   .     (no cloak)
rCorr  .         Warding  .     (gloves unavailable)
rMut   .         Stasis   .     (boots unavailable)
MR     .....                    (no amulet)
Stlth  ++++......               (no ring)
                                (no ring)

@: very quick, not resistant to hostile enchantments, stealthy
A: unfitting armour, see invisible, herbivore 3, speed 3, slow metabolism 2
a: no special abilities


You were on level 3 of the Dungeon.
You were not hungry.

You visited 1 branch of the dungeon, and saw 3 of its levels.

You collected 116 gold pieces.

Inventory:

Hand weapons
 a - a +1 dagger (weapon)
Missiles
 f - 21 poisoned needles
Armour
 b - a +1 robe (worn)
Scrolls
 e - a scroll of recharging {unknown}
 i - 2 scrolls of enchant weapon {unknown}
 j - a scroll of magic mapping {unknown}
 k - a scroll of teleportation {unknown}
 l - a scroll of random uselessness {unknown}
 m - 2 scrolls of identify {unknown}
Potions
 h - a potion of brilliance {unknown}
Books
 c - a book of Maledictions
Comestibles
 d - 4 bread rations {@e1}
 g - 3 fruits


   Skills:
 + Level 2.7 Short Blades
 - Level 3.0 Dodging
 + Level 6.1 Stealth
 - Level 2.6 Spellcasting
 - Level 3.6 Hexes


You had 6 spell levels left.
You knew the following spells:

 Your Spells              Type           Power        Failure   Level  Hunger
A - Corona                Hex            ##.....      4%          1    #......


Dungeon Overview and Level Annotations

Branches:
Dungeon (3/15)

Altars:

Annotations:
D:2 Ijyb, Terence


Innate Abilities, Weirdness & Mutations

You are tiny and cannot use many weapons and most armour.
You have supernaturally acute eyesight.
You are a herbivore.
You cover ground extremely quickly.
You need consume almost no food.


Message History

Spoiler Alert: The orc wizard might cast Slow, Confuse, Throw Flame, or Throw Frost!
An orc wizard comes into view. It is wielding a dagger.
The orc wizard moves out of view.
The kobold hits you but does no damage.
An orc priest comes into view. It is wielding a mace.
Warning x2: The orc wizard might cast Slow, Confuse, Throw Flame, or Throw Frost!
The orc priest (wandering) can smite you!
You hit the kobold but do no damage.
The orc priest invokes the aid of Beogh against you.
Something smites you!
Ouch! That really hurt!
The kobold hits you with a dagger.
You take 11 damage, and have 5/16 hp.
MASSIVE DAMAGE!!
Warning x2: The orc wizard might cast Slow, Confuse, Throw Flame, or Throw Frost!
The orc priest can smite you!
The kobold throws a stone.
The stone hits you but does no damage.
You see here a stone.
The kobold throws a stone.
The stone hits you but does no damage.
You see here a stone.
The kobold throws a stone.
The stone hits you but does no damage.
You see here a stone.
There is a stone staircase leading up here.
You climb upwards.
Level annotation: Ijyb, Terence
There is a stone staircase leading down here.
You start resting.
The bat hits you but does no damage.
You hit the bat.
You kill the bat!
k - a scroll labeled SEN NAD BUE You start resting.
You regained 5 hp, and now have 11/16 hp.
You start resting.
Health restored: 16 Total turns waited: 188 You enter the shallow water.
Moving in this stuff is going to be slow.
You now have 89 gold pieces (gained 8).
You now have 99 gold pieces (gained 10).
There is a stone staircase leading down here.
A goblin comes into view.
You hit the goblin. The goblin closely misses you.
You hit the goblin.
You kill the goblin!
You see here a hunting sling.
m - a scroll labeled WOICUH ITEI
m - 2 scrolls labeled WOICUH ITEI (gained 1)
You open the door.
A kobold comes into view.
The helpless kobold fails to defend itself.
You impale the kobold!!
You kill the kobold!
i - 2 scrolls labeled CRESIR NUOHUN (gained 1)
You open the door.
The adder is too close now for your liking.
Spoiler Alert: The adder is fast and can poison!
You see here 3 stones.
You open the door.
A hobgoblin comes into view.
The helpless hobgoblin fails to defend itself.
You impale the hobgoblin!!
You kill the hobgoblin!
A goblin comes into view.
The goblin shouts!
You hit the goblin. You barely miss the goblin.
The goblin hits you but does no damage.
You hit the goblin.
You kill the goblin!
You see here a goblin corpse.
There is a stone staircase leading down here.
The kobold is too close now for your liking.
You closely miss the kobold. The kobold closely misses you.
You barely miss the kobold. The kobold barely misses you.
You hit the kobold. You hit the kobold.
You kill the kobold!
You now have 116 gold pieces (gained 17). a whip; 2 stones; a kobold corpse
There is a stone staircase leading down here.
You climb downwards.
A worm comes into view.
There is a stone staircase leading up here.
Spoiler Alert: The worm (sleeping) can hit for moderate damage in melee!
You see here a scroll labeled SEN NAD BUE.
Spoiler Alert: The worm (sleeping) can hit for moderate damage in melee!
Spoiler Alert: The worm (sleeping) can hit for moderate damage in melee!
Spoiler Alert: The worm (sleeping) can hit for moderate damage in melee!
Spoiler Alert: The worm (sleeping) can hit for moderate damage in melee!
Spoiler Alert: The worm can hit for moderate damage in melee!
You barely miss the worm. You hit the worm but do no damage.
The worm bites you.
You take 4 damage, and have 12/16 hp.
MASSIVE DAMAGE!!
You hit the worm. You hit the worm. The worm bites you.
You take 4 damage, and have 8/16 hp.
MASSIVE DAMAGE!!
Spoiler Alert: The worm can hit for moderate damage in melee!
You hit the worm. You hit the worm. The worm bites you!
Ouch! That really hurt!
You die...

...## #### |....
..... #...# ......
#...# #...... #...#
#...... #...# #......
#...#
#......#####<######.#
#.....(w@...?.......#
############.########
#... #####


You could see a worm.

Vanquished Creatures
  An adder (D:2)
  A giant gecko (D:1)
  An ooze (D:1)
  An orc (D:3)
  5 bats (D:2)
  3 giant cockroaches (D:1)
  4 hobgoblins
  6 jackals
  2 giant newts
  6 goblins
  4 kobolds (D:2)
  4 rats (D:1)
38 creatures vanquished.

Notes
Turn   | Place    | Note
--------------------------------------------------------------
     0 | D:1      | Pikaro, the Spriggan Enchanter, began the quest for the Orb.
     0 | D:1      | Reached XP level 1. HP: 9/9 MP: 4/4
   191 | D:1      | Reached skill level 5 in Stealth
   204 | D:1      | Reached XP level 2. HP: 10/13 MP: 7/7
   637 | D:2      | Noticed Ijyb
   960 | D:2      | Reached skill level 2 in Short Blades
  1227 | D:2      | Reached XP level 3. HP: 16/16 MP: 9/9
  1239 | D:2      | HP: 4/16 [poisoned by an adder]
  1246 | D:2      | HP: 2/16 [poisoned by an adder]
  1672 | D:2      | Noticed Terence
  1691 | D:2      | Reached skill level 6 in Stealth
  2364 | D:3      | Slain by a worm

Action                   || total
-------------------------++-------
Melee: Dagger            ||   146
  Use: Potion            ||     2
 Stab: Sleeping          ||    10

Vault maps used:
D:1:      grunt_arrival_lava_bath, minmay_bisected
D:2:      serial_bayou_pond_d, uniq_iyjb, uniq_terence

Table legend:
 A = Turns spent in this place as a percentage of turns spent in the entire game.
 B = Non-inter-level travel turns spent in this place as a percentage of non-inter-level travel turns spent in the entire game.
 C = Inter-level travel turns spent in this place as a percentage of turns spent in this place.
 D = Turns resting spent in this place as a percentage of non-inter-level travel turns spent in this place.
 E = Turns spent auto-exploring this place as a percentage of non-inter-level travel turns spent in this place.
 F = Non-inter-level travel turns spent in this place divided by the number of levels of this place that you've seen.
                   A       B       C       D       E      F
               +-------+-------+-------+-------+-------+----------------------
         Total | 100.0 | 100.0 |   0.3 |   3.9 |   4.2 | 248.7
       Dungeon | 100.0 | 100.0 |   0.3 |   3.9 |   4.2 | 248.7
               +-------+-------+-------+-------+-------+----------------------

Table legend:
 A = Kills in this place as a percentage of kills in entire the game.
 B = Kills by you in this place as a percentage of kills by you in the entire game.
 C = Kills by friends in this place as a percentage of kills by friends in the entire game.
 D = Other kills in this place as a percentage of other kills in the entire game.
 E = Experience gained in this place as a percentage of experience gained in the entire game.
 F = Experience gained in this place divided by the number of levels of this place that you have seen.
                   A       B       C       D       E      F
               +-------+-------+-------+-------+-------+----------------------
         Total | 100.0 | 100.0 |  -nan |  -nan | 100.0 |  26.3
       Dungeon | 100.0 | 100.0 |  -nan |  -nan | 100.0 |  26.3
               +-------+-------+-------+-------+-------+----------------------
